 Dungeon Crawl Stone Soup version 0.24-a0-581-gc0fa6600bf (webtiles) character file.

Game seed: 13944414303436687457

3693 Peloso the Carver (level 9, -3/79 HPs)
             Began as a Minotaur Fighter on Aug 25, 2019.
             Was a Follower of Okawaru.
             Slain by a sixfirhy (9 damage)
             ... summoned by a kobold demonologist
             ... on level 10 of the Dungeon.
             The game lasted 00:22:30 (7483 turns).

Peloso the Carver (Minotaur Fighter)                Turns: 7483, Time: 00:22:32

Health: -3/79      AC: 17    Str: 28    XL:     9   Next: 90%
Magic:  8/8        EV:  7    Int:  5    God:    Okawaru [*.....]
Gold:   76         SH: 12    Dex: 11    Spells: 8/8 levels left

rFire    . . .     SeeInvis .   a - +0 long sword
rCold    . . .     Gourm    .   c - +0 shield
rNeg     . . .     Faith    .   r - +0 plate armour (curse)
rPois    +         Spirit   .   (helmet restricted)
rElec    .         Reflect  .   (no cloak)
rCorr    .         Harm     .   w - +0 pair of gloves
MR       .....                  (no boots)
Stlth    ..........             (no amulet)
HPRegen  0.23/turn              l - ring of poison resistance
MPRegen  0.11/turn              u - +2 ring of protection

@: mighty
A: retaliatory headbutt, horns 2
a: Heroism, Renounce Religion


You were on level 10 of the Dungeon.
You worshipped Okawaru.
Okawaru was aware of your devotion.
You were not hungry.

You visited 2 branches of the dungeon, and saw 10 of its levels.
You also visited: Sewer.

You collected 388 gold pieces.
You spent 312 gold pieces at shops.

Inventory:

Hand Weapons
 a - a +0 long sword (weapon)
Armour
 b - a +0 chain mail
 c - a +0 shield (worn)
 r - a cursed +0 plate armour (worn)
 w - a +0 pair of gloves (worn)
Jewellery
 l - a ring of poison resistance (left hand)
 u - a +2 ring of protection (right hand)
 y - an uncursed ring of magical power
 A - a +3 ring of evasion
Wands
 v - a wand of digging (2)
 D - a wand of enslavement (7)
 H - a wand of flame (12)
Scrolls
 i - 2 scrolls of fear
 j - 2 scrolls of enchant weapon
 k - a scroll of noise
 m - 6 scrolls of enchant armour
 n - 5 scrolls of teleportation
 o - 4 scrolls of remove curse {unknown}
 p - 5 scrolls of magic mapping
 s - 2 scrolls of blinking {unknown}
 B - a scroll of amnesia {unknown}
 C - 2 scrolls of vulnerability {unknown}
 E - a scroll of random uselessness {unknown}
 G - 4 scrolls of identify
Potions
 d - a potion of might
 e - 3 potions of haste
 g - a potion of berserk rage {unknown}
 h - a potion of flight
 q - 4 potions of curing
 t - 2 potions of magic
 x - a potion of cancellation {unknown}
 z - a potion of mutation {unknown}
 F - a potion of ambrosia {unknown}
Comestibles
 f - 15 rations
 I - a chunk of flesh


   Skills:
 + Level 7.0 Fighting
 + Level 11.0 Long Blades
 + Level 8.2 Armour
 + Level 1.7 Dodging
 + Level 0.4 Stealth
 + Level 9.3 Shields


You had 8 spell levels left.
You didn't know any spells.
Your spell library contained the following spells:

 Spells                   Type           Power        Failure   Level  Hunger
 Summon Small Mammal      Summ           #...         100%        1    ##.....
 Call Imp                 Summ           #.......     100%        2    ###....
 Call Canine Familiar     Summ           #.......     100%        3    ####...
 Summon Guardian Golem    Hex/Summ       #.......     100%        3    ####...
 Summon Ice Beast         Ice/Summ       #.......     100%        4    #####..
 Summon Lightning Spire   Summ/Air       #.......     100%        4    #####..
 Bolt of Magma            Conj/Fire/Erth #.........   100%        5    ######.
 Iskenderun's Battlesphe  Conj/Chrm      #.......     100%        5    ######.
 Venom Bolt               Conj/Pois      #.........   100%        5    ######.
 Iron Shot                Conj/Erth      #.........   100%        6    #######
 Orb of Destruction       Conj           #.........   100%        7    #######
 Spellforged Servitor     Conj/Summ      #.........   100%        7    #######


Dungeon Overview and Level Annotations

Branches:
Dungeon (10/15)            Temple (1/1) D:5           Sewer (visited)
   Lair: D:8-11         Orc: D:9-12

Altars:
Ashenzari
Cheibriados
Dithmenos
Elyvilon
Fedhas
Gozag
Hepliaklqana
Kikubaaqudgha
Makhleb
Okawaru
Qazlal
Ru
Sif Muna
Trog
Uskayaw
Vehumet
Wu Jian
Xom
Yredelemnul
Zin
The Shining One

Shops:
D:7 !??   D:8 (

Annotations:
D:5 5 runed translucent doors
D:6 2 transporters, Silenceoftheyaks's ghost, novice OpTm
D:8 1 runed translucent door


Innate Abilities, Weirdness & Mutations

You reflexively headbutt those who attack you in melee.
You have a pair of horns on your head.


Message History

You block the kobold demonologist's attack.
Unknown command.
You closely miss the kobold demonologist.
The kobold demonologist is moderately wounded.
You block the orc's attack.
The sixfirhy hits you but does no damage.
The kobold demonologist hits you but does no damage.
You feel very mighty all of a sudden.
You block the sixfirhy's attack. x3; You block the orc's attack.
The kobold demonologist hits you but does no damage.
The sixfirhy hits you. The sixfirhy shocks you!
Unknown command.
Your plate armour prevents you from hitting the kobold demonologist.
The kobold demonologist is moderately wounded.
The sixfirhy hits you!
* * * LOW HITPOINT WARNING * * *
The sixfirhy shocks you!
* * * LOW HITPOINT WARNING * * *
The sixfirhy hits you!
You die...

.#
#...<.#.........#
.#
###.##.#..#######
.# #...###.# .#
####.#.## .#
##.## .. #.# #.#
#.#######
#...o3@K#
#######o# #5# #.#
o ##.## P..
##...##..§P.
#........h..
#..$..K.....
#!....##.Po.


You could see a kobold demonologist, a sixfirhy, an orc wizard, a quasit and an
orc.

Vanquished Creatures
  An unseen horror (D:8)
  Grinder (D:4)
  A human (D:10)
  2 wraiths (D:8)
  2 fire bats (D:8)
  Menkaure (D:4)
  An acid dragon (D:8)
  An orc warrior (D:8)
  2 black bears
  An ice beast (D:6)
  4 ogres
  A big kobold (D:8)
  A bullfrog (D:6)
  A howler monkey (D:4)
  3 crimson imps
  A quasit (D:8)
  6 hounds
  3 jellies
  4 orc wizards
  A centaur skeleton (D:5)
  2 orc priests
  A bullfrog skeleton (D:4)
  An iguana (D:7)
  Ijyb (D:5)
  7 worker ants
  2 hound zombies
  A hound skeleton (D:4)
  2 worker ant zombies
  10 adders
  An ooze (D:3)
  An adder zombie (D:8)
  3 worms
  5 leopard geckos
  31 orcs
  19 bats
  6 giant cockroaches
  5 goblins
  3 hobgoblins
  13 jackals
  17 kobolds
  6 quokkas
  7 ball pythons
  10 frilled lizards
  A giant cockroach zombie (D:6)
  A leopard gecko skeleton (D:4)
  13 rats
  8 plants (Sewer)
215 creatures vanquished.

Vanquished Creatures (others)
  An orc wizard (D:6)
  6 fungi (D:10)
  4 plants (D:10)
11 creatures vanquished.

Grand Total: 226 creatures vanquished

Notes
Turn   | Place    | Note
-------+----------+-------------------------------------------
     0 | D:1      | Peloso the Minotaur Fighter began the quest for the Orb.
     0 | D:1      | Reached XP level 1. HP: 19/19 MP: 0/0
   137 | D:1      | Reached XP level 2. HP: 26/27 MP: 1/1
   817 | D:2      | Reached XP level 3. HP: 33/33 MP: 2/2
  1621 | D:3      | Reached skill level 3 in Long Blades
  1621 | D:3      | Reached XP level 4. HP: 40/40 MP: 3/3
  1722 | D:4      | Found a glowing drain.
  1722 | D:4      | Noticed Grinder
  1722 | D:4      | Noticed an ogre
  1728 | D:4      | Paralysed by Grinder for 3 turns
  1734 | D:4      | Reached skill level 1 in Dodging
  1736 | D:4      | Killed an ogre
  1736 | D:4      | Reached skill level 4 in Long Blades
  1736 | D:4      | Reached skill level 5 in Shields
  1736 | D:4      | Reached XP level 5. HP: 17/46 MP: 4/4
  1750 | D:4      | Reached XP level 6. HP: 12/52 MP: 5/5
  1751 | D:4      | Killed Grinder
  1751 | D:4      | Reached skill level 5 in Long Blades
  1751 | D:4      | Reached skill level 5 in Armour
  1770 | Sewer    | Entered a sewer
  2726 | D:4      | Reached XP level 7. HP: 60/60 MP: 6/6
  2789 | D:4      | Noticed Menkaure
  2792 | D:4      | Killed Menkaure
  2792 | D:4      | Reached skill level 6 in Long Blades
  3019 | D:4      | Found a glowing silver altar of Zin.
  3019 | D:4      | Found a radiant altar of Vehumet.
  3146 | D:4      | Found a shimmering blue altar of Sif Muna.
  3210 | D:5      | Entered Level 5 of the Dungeon
  3379 | D:5      | Found a staircase to the Ecumenical Temple.
  3429 | Temple   | Entered the Ecumenical Temple
  3826 | D:5      | Found a runed translucent door.
  3826 | D:5      | Found a runed translucent gate.
  3826 | D:5      | Found a runed translucent gate.
  3833 | D:5      | Found the +9 staff of Olgreb {rPois}
  3834 | D:5      | Noticed Ijyb
  3855 | D:5      | Killed Ijyb
  4114 | D:5      | Reached skill level 5 in Fighting
  4157 | D:5      | Found a runed translucent door.
  4280 | D:5      | Reached skill level 7 in Long Blades
  4589 | D:5      | Found a runed translucent gate.
  4637 | D:5      | Reached XP level 8. HP: 65/68 MP: 7/7
  4853 | D:6      | Noticed Silenceoftheyaks's ghost (novice OpTm)
  4854 | D:6      | Found a transporter.
  4854 | D:6      | Noticed a hornet
  4858 | D:6      | Found a transporter.
  5043 | D:6      | Reached skill level 8 in Long Blades
  5159 | D:6      | Found a stormy altar of Qazlal.
  5162 | D:6      | Noticed an air elemental
  5425 | D:6      | Reached skill level 9 in Long Blades
  6221 | D:7      | Found Pil Kuar's Magic Scroll Emporium.
  6224 | D:7      | Bought a scroll of magic mapping for 38 gold pieces
  6224 | D:7      | Bought a scroll of magic mapping for 38 gold pieces
  6224 | D:7      | Bought a scroll of enchant armour for 82 gold pieces
  6224 | D:7      | Bought a scroll of magic mapping for 38 gold pieces
  6224 | D:7      | Bought a scroll of identify for 22 gold pieces
  6224 | D:7      | Bought a scroll of enchant weapon for 82 gold pieces
  6322 | D:7      | Found Wonoraul's Distillery.
  6366 | D:7      | Bought a potion of degeneration for 12 gold pieces
  6378 | D:7      | Found Tuppiz's Magic Scroll Shoppe.
  6539 | D:8      | Reached XP level 9. HP: 28/75 MP: 8/8
  6584 | D:8      | Killed an unseen horror
  6584 | D:8      | Reached skill level 10 in Long Blades
  6802 | D:8      | Found Ehihuph's Antique Weapon Shoppe.
  6892 | D:8      | Found a blossoming altar of Fedhas.
  6955 | D:8      | Found an ancient bone altar of Kikubaaqudgha.
  6972 | D:8      | Found a runed translucent door.
  6972 | D:8      | Noticed a flayed ghost
  6983 | D:8      | Found a shimmering blue altar of Sif Muna.
  7024 | D:8      | Found an iron altar of Okawaru.
  7034 | D:8      | Became a worshipper of Warmaster Okawaru
  7044 | D:8      | Found a hazy altar of Hepliaklqana.
  7347 | D:8      | You fall into a shaft and drop 2 floors!
  7347 | D:10     | Entered Level 10 of the Dungeon
  7355 | D:10     | Reached skill level 11 in Long Blades
  7441 | D:10     | Noticed a kobold demonologist
  7465 | D:10     | Reached * piety under Okawaru
  7471 | D:10     | Noticed a sixfirhy
  7483 | D:10     | Slain by a sixfirhy

Levels and vault maps discovered:
D:1:      matt_arrival_spirals, layout_basic, minmay_tromino_v2
D:2:      layout_basic, first_ration, kennysheep_nub, patterned_corridor
D:3:      layout_rooms
D:4:      layout_rooms, gammafunk_temple_overflow_pools, portal_sewer_entry_a,
          led_sif_book, uniq_menkaure, uniq_grinder
D:5:      layout_basic, temple_doors_e, minmay_guarded_unrand_staff_of_olgreb,
          uniq_ijyb
D:6:      layout_basic, nicolae_qazlal_style_of_elements, gammafunk_ghost_hive
D:7:      layout_loops_cross, serial_shops, nicolae_shop_behind_doors,
          kennysheep_mini_moat, shop_statue
D:8:      due_megacathedral, layout_basic, lemuel_crystal_altar, serial_shops,
          nicolae_shop_stone
D:10:     layout_loops_ring, grunt_lair_entry_orc_guard_hut, grunt_pizzeria
Temple:   minmay_temple_bridge_d

Skill      XL: |  1  2  3  4  5  6  7  8  9 |
---------------+----------------------------+-----
Shields        | 4 5 6 7 9 |  9.3
Armour         | 4 5 6 8 |  8.2
Fighting       | 4 5 7 |  7.0
Long Blades    | 3 4 5 7 9 11 | 11.0
Dodging        | 1 |  1.7
Stealth        | |  0.4

Action                   |  1- 3 |  4- 6 |  7- 9 || total
-------------------------+-------+-------+-------++-------
Melee: Long sword        |   128 |   233 |   449 ||   810
       Headbutt          |    12 |    59 |    83 ||   154
  Use: Potion            |     2 |     3 |     2 ||     7
       Scroll            |     1 |     4 |     2 ||     7
 Stab: Distracted        |       |       |     1 ||     1
  Eat: Chunk             |     2 |     3 |    11 ||    16
       Ration            |       |     1 |     1 ||     2
Armor: Scale mail        |    27 |       |       ||    27
       Chain mail        |    57 |       |       ||    57
       Plate armour      |     4 |    67 |   218 ||   289
Dodge: Dodged            |    35 |    28 |    96 ||   159
Block: Shield            |    77 |    62 |   257 ||   396
       Rpst.: Long sword |    12 |     5 |    25 ||    42

Table legend:
 A = Non-vault XP
 B = Vault XP
 C = Vault XP percentage of total XP
 D = Non-vault monster count
 E = Vault monster count
 F = Vault count percentage of total count
                 A         B        C        D         E       F
            +---------+---------+-------+---------+---------+-------
      Total |    3997 |    1279 |  24.2 |     172 |      36 |  17.3
            +---------+---------+-------+---------+---------+-------
        D:1 |      27 |       1 |   3.6 |      18 |       1 |   5.3
        D:2 |      38 |       0 |   0.0 |      20 |       0 |   0.0
        D:3 |      36 |       0 |   0.0 |      17 |       0 |   0.0
        D:4 |     429 |     438 |  50.5 |      19 |       8 |  29.6
        D:5 |     373 |      36 |   8.8 |      20 |       1 |   4.8
        D:6 |     938 |       0 |   0.0 |      33 |       0 |   0.0
        D:7 |     331 |       0 |   0.0 |      14 |       0 |   0.0
        D:8 |    1743 |     403 |  18.8 |      27 |       2 |   6.9
       D:10 |      82 |     328 |  80.0 |       4 |       2 |  33.3
      Sewer |       0 |      73 | 100.0 |       0 |      22 | 100.0
            +---------+---------+-------+---------+---------+-------
